 Dungeon Crawl Stone Soup version 0.27-a0-1287-gca74d27db6 (webtiles) character file.

Game seed: 3289987489845626275

981 flotson the Skirmisher (level 7, -3/55 HPs)
             Began as a Demonspawn Fighter on June 15, 2021.
             Was an Initiate of Gozag.
             Slain by a gargoyle (10 damage)
             ... on level 6 of the Dungeon.
             The game lasted 00:09:54 (5859 turns).

flotson the Skirmisher (Demonspawn Fighter)         Turns: 5859, Time: 00:09:55

Health: -3/55      AC:  8    Str: 18    XL:     7   Next: 96%
Magic:  0/7        EV:  8    Int:  9    God:    Gozag
Gold:   281        SH:  9    Dex: 15    Spells: 6/6 levels left

rFire    . . .     SeeInvis .   a - +2 hand axe (elec)
rCold    . . .     Faith    .   c - +0 kite shield
rNeg     . . .     Spirit   +   h - +0 scale mail
rPois    +         Reflect  .   (no helmet)
rElec    .         Harm     .   n - +0 cloak {rPois}
rCorr    .         Rampage  .   (no gloves)
Will     .....                  (no boots)
Stlth    +.........             m - amulet of guardian spirit
HPRegen  0.18/turn              (no ring)
MPRegen  0.10/turn              (no ring)

@: gold aura
A: thin skeletal structure 1, spiny 1, demonic magic 1
a: Renounce Religion, Potion Petition, Call Merchant, Bribe Branch


You were on level 6 of the Dungeon.
You worshipped Gozag.
Gozag was aware of your devotion.
You visited 2 branches of the dungeon, and saw 7 of its levels.

You collected 351 gold pieces.
You paid 70 gold pieces to Gozag.

Inventory:

Hand Weapons
 a - a +2 hand axe of electrocution (weapon)
 b - a +0 hunting sling
 k - a +0 war axe
 t - a +0 morningstar of protection
Missiles
 d - 23 poisoned darts (quivered)
 g - 90 sling bullets
 p - 4 atropa-tipped darts
Armour
 c - a +0 kite shield (worn)
 h - a +0 scale mail (worn)
 n - a +0 cloak of poison resistance (worn)
Jewellery
 m - an amulet of guardian spirit (around neck)
 o - the ring "Axzyolol" {Ice +Blink}
   (You found it on level 4 of the Dungeon)

   [ring of ice]

   It enhances your ice magic.
   It makes you vulnerable to fire.
   It protects you from cold.
   It lets you blink.
Wands
 q - a wand of acid (12)
Scrolls
 f - 2 scrolls of magic mapping {unknown}
 i - 4 scrolls of identify
 s - a scroll of teleportation {unknown}
Potions
 e - a potion of heal wounds
 j - a potion of ambrosia
 l - a potion of invisibility
 r - 2 potions of lignification


   Skills:
 + Level 4.8 Fighting
 + Level 3.6 Axes
 + Level 2.6 Throwing
 + Level 4.3 Armour
 + Level 3.1 Dodging
 + Level 4.3 Shields
 + Level 1.5 Evocations


You had 6 spell levels left.
You didn't know any spells.
Your spell library was empty.

Dungeon Overview and Level Annotations

Branches:
Dungeon (6/15)             Temple (1/1) D:5

Altars:
Ashenzari
Cheibriados
Dithmenos
Elyvilon
Fedhas
Gozag
Hepliaklqana
Kikubaaqudgha
Makhleb
Nemelex Xobeh
Qazlal
Ru
Sif Muna
Trog
Uskayaw
Vehumet
Wu Jian
Xom
Yredelemnul
Zin
The Shining One


Innate Abilities, Weirdness & Mutations

You have a somewhat thin skeletal structure. (Dex +2, Stealth+)
You are partially covered in sharp spines.
Spells you cast may paralyse adjacent enemies.


Message History

You hit the gargoyle but do no damage. The gargoyle closely misses you.
A white imp comes into view.
The white imp shouts, "Scamper away, thou canting dizzy-eyed lout!"
You hit the gargoyle but do no damage. You block the gargoyle's attack.
The gargoyle is distracted by your dazzling golden aura.
You hit the gargoyle.
The gargoyle is no longer distracted by gold.
The gargoyle is lightly damaged.
You block the gargoyle's attack.
You hit the gargoyle.
The gargoyle is moderately damaged.
The gargoyle hits you with a +0 mace!
You hit the gargoyle but do no damage.
The gargoyle is moderately damaged.
The gargoyle hurls a stone arrow at you.
The stone arrow hits you!
A water moccasin comes into view.
The gargoyle hurls a stone arrow at you.
The stone arrow hits you!
* * * LOW HITPOINT WARNING * * *
Aiming: Corrosive Bolt
Press: ? - help, Shift-Dir - straight line, f - white imp
Aim: a white imp (71% to hit)
The bolt of acid hits the gargoyle.
The gargoyle is splashed with acid.
The acid corrodes the gargoyle!
The gargoyle is heavily damaged.
The bolt of acid hits the white imp!
The white imp is splashed with acid.
The acid corrodes the white imp!
You kill the white imp!
The water moccasin hisses angrily.
You block the gargoyle's attack.
Aiming: Corrosive Bolt
Press: ? - help, Shift-Dir - straight line, f - gargoyle
Aim: a gargoyle, wielding a +0 mace (heavily damaged, covered in acid, 86% to hit)
The bolt of acid hits the gargoyle.
The gargoyle is splashed with acid.
The gargoyle seems to be corroded for longer.
The gargoyle is severely damaged.
The gargoyle hits you with a +0 mace!
You die...
Your body crumbles into a pile of gold.

........(......(
....<.Zo........
..
........########
. ........## ##o
.........# #.S
###.....## ###.#
# ###..##
###..$### ####
##....9..#
#...>.@..#
##........#
##.........#
#..........#
##........<.#
.##...........#
#.........$...#
#...........##
#.........##


You could see an orc warrior, a water moccasin and a gargoyle (corroded).

Vanquished Creatures
  A water moccasin (D:5)
  A black bear (D:4)
  An ice beast (D:6)
  2 necrophages
  An ogre (D:5)
  A phantom (D:4)
  A centaur zombie (D:4)
  An orc priest (D:5)
  A hound (D:3)
  An iguana (D:6)
  2 orc wizards
  A hound skeleton (D:4)
  4 gnolls (D:3)
  3 adders
  A white imp (D:6)
  5 dart slugs
  11 orcs
  8 bats
  6 endoplasms
  7 giant cockroaches
  13 goblins
  6 hobgoblins
  7 jackals (D:1)
  11 kobolds
  A quokka (D:2)
  5 ball pythons
  4 frilled lizards
  2 rats
108 creatures vanquished.

Vanquished Creatures (others)
  7 plants (D:4)
7 creatures vanquished.

Grand Total: 115 creatures vanquished

Notes
Turn   | Place    | Note
-------+----------+-------------------------------------------
     0 | D:1      | flotson the Demonspawn Fighter began the quest for the Orb.
     0 | D:1      | Reached XP level 1. HP: 18/18 MP: 1/1
   236 | D:1      | Gained mutation: You have a somewhat thin skeletal
                  | structure. (Dex +2, Stealth+) [demonic ancestry]
   236 | D:1      | Reached XP level 2. HP: 19/24 MP: 2/2
   627 | D:1      | Reached XP level 3. HP: 17/29 MP: 3/3
   779 | D:1      | Found a faded altar of an unknown god.
   937 | D:2      | Reached skill level 1 in Dodging
  1381 | D:2      | Found a blossoming altar of Fedhas.
  2130 | D:3      | Gained mutation: You are partially covered in sharp spines.
                  | [demonic ancestry]
  2130 | D:3      | Reached XP level 4. HP: 14/35 MP: 4/4
  2382 | D:3      | Found a shimmering blue altar of Sif Muna.
  2384 | D:3      | Found a broken altar of Ashenzari.
  2385 | D:3      | Found a radiant altar of Vehumet.
  2957 | D:3      | Reached XP level 5. HP: 42/42 MP: 5/5
  3504 | D:4      | Noticed a phantom
  3516 | D:4      | Killed a phantom
  3517 | D:4      | Reached skill level 1 in Throwing
  3534 | D:4      | Noticed a black bear
  3730 | D:4      | Gained mutation: Spells you cast may paralyse adjacent
                  | enemies. [demonic ancestry]
  3730 | D:4      | Reached XP level 6. HP: 46/48 MP: 6/6
  3802 | D:4      | Identified the ring "Axzyolol" {Ice +Blink}
  4413 | D:5      | Entered Level 5 of the Dungeon
  4488 | D:5      | Found a snail-covered altar of Cheibriados.
  4500 | D:5      | Reached XP level 7. HP: 6/54 MP: 1/7
  4835 | D:5      | Found a shimmering altar of Xom.
  4845 | D:5      | Found a stormy altar of Qazlal.
  4845 | D:5      | Found a blossoming altar of Fedhas.
  5047 | D:5      | Found a staircase to the Ecumenical Temple.
  5053 | Temple   | Entered the Ecumenical Temple
  5102 | Temple   | Became a worshipper of Gozag Ym Sagoz the Greedy
  5273 | D:5      | Reached skill level 1 in Evocations
  5847 | D:6      | Noticed a gargoyle
  5859 | D:6      | Slain by a gargoyle

Illustrated notes

Levels and vault maps discovered:
D:1:      lemuel_arrival_hallway, layout_basic,
          hellmonk_ecumenical_altar_crossroads
D:2:      layout_basic, basic_altar
D:3:      layout_basic, chequers_temple_overflow_statue_of_worship
D:4:      layout_cave_pools, serial_bayou_pond_c, roderic_serpentine_path
D:5:      layout_rooms, grunt_temple_overflow_forces_of_nature,
          kennysheep_little_box, kennysheep_slug_shrine,
          minmay_temple_entry_enclosed_plants, minmay_ogre_servants
D:6:      cheibrodos_barr_body, layout_cave_pods
Temple:   zaba_magenta_temple

Skill      XL: |  1  2  3  4  5  6  7 |
---------------+----------------------+-----
Axes           | 2 3 |  3.6
Armour         | 3 4 |  4.3
Shields        | 3 4 |  4.3
Dodging        | 1 2 3 |  3.1
Throwing       | 1 2 |  2.6
Fighting       | 4 |  4.8
Evocations     | 1 |  1.5

Action                   |  1- 3 |  4- 6 |  7- 9 || total
-------------------------+-------+-------+-------++-------
Melee: War axe           |   144 |    90 |       ||   234
       Morningstar       |       |       |    29 ||    29
       Hand axe          |       |       |     8 ||     8
 Fire: Hunting sling     |     1 |    32 |    20 ||    53
Throw: Dart              |       |    23 |     4 ||    27
Evoke: Wand              |       |       |     2 ||     2
  Use: Potion            |     1 |       |       ||     1
       Scroll            |       |     4 |     1 ||     5
 Stab: Distracted        |       |     1 |       ||     1
Armor: Scale mail        |    74 |    45 |    22 ||   141
Dodge: Dodged            |    56 |    34 |    15 ||   105
Block: Kite shield       |    80 |    58 |    30 ||   168

Table legend: (Time is in decaauts)
 A = Elapsed time spent in this place.
 B = Non-inter-level travel time spent in this place.
 C = Inter-level travel time spent in this place.
 D = Time resting spent in this place.
 E = Time spent auto-exploring this place.
 F = Levels seen in this place.
 G = Mean time per level.
                   A        B        C        D        E       F      G
               +--------+--------+--------+--------+--------+-----+--------+
         Total |   6044 |   5805 |    239 |    265 |   4528 |   7 |  863.4 |
       Dungeon |   5981 |   5755 |    226 |    265 |   4485 |   6 |  996.8 |
        Temple |     62 |     49 |     13 |      0 |     43 |   1 |   62.0 |
               +--------+--------+--------+--------+--------+-----+--------+

Top non-repeatable levels by time:
     D:3: 1572 daAuts
     D:5: 1258 daAuts
     D:2: 1121 daAuts
     D:1: 955 daAuts
     D:4: 915 daAuts
     D:6: 157 daAuts
  Temple: 62 daAuts
